 Dungeon Crawl Stone Soup version 0.29.1-12-g30fa7ad0bf (webtiles) character file.

Game seed: 3103380080563229911

2921 mopl the Magician (level 9, 0/51 HPs)
             Began as an Octopode Hedge Wizard on Jan 14, 2023.
             Was a Follower of Vehumet.
             Shot with an arrow by a centaur (12 damage)
             ... on level 8 of the Dungeon on Jan 15, 2023.
             The game lasted 00:15:22 (9484 turns).

mopl the Magician (Octopode Hedge Wizard)           Turns: 9484, Time: 00:15:22

Health: 0/51       AC:  1    Str:  9    XL:     9   Next: 79%
Magic:  0/20       EV: 13    Int: 20    God:    Vehumet [*.....]
Gold:   317        SH:  0    Dex: 18    Spells: 3/22 levels left

rFire   + . .      SeeInvis .   A - +1 dagger (speed)
rCold   . . .      Faith    .   (no shield)
rNeg    . . .      Spirit   +   b - +0 hat
rPois   .          Reflect  .   r - amulet of guardian spirit
rElec   .          Harm     .   j - ring of protection from fire
rCorr   .          Rampage  .   y - +6 ring of dexterity
Will    .....                   (no ring)
Stlth   +++.......              (no ring)
HPRegen 0.17/turn               (no ring)
MPRegen 0.17/turn               (no ring)
                                (no ring)
                                (no ring)

@: no status effects
A: almost no armour, amphibious, 8 rings, camouflage 1, gelatinous body 1,
(nimble swimmer 1), tentacles
a: Renounce Religion


You were on level 8 of the Dungeon.
You worshipped Vehumet.
Vehumet was aware of your devotion.
You visited 2 branches of the dungeon, and saw 9 of its levels.

You collected 449 gold pieces.
You spent 132 gold pieces at shops.

Inventory:

Hand Weapons
 a - a +1 short sword of venom
 i - a +0 dagger
 A - a +1 dagger of speed (weapon)
Missiles
 f - 4 curare-tipped darts
 l - 2 javelins
 t - 15 poisoned darts
 v - a throwing net
 C - 4 boomerangs
Armour
 b - a +0 hat (worn)
Jewellery
 j - a ring of protection from fire (left tentacle)
 r - an amulet of guardian spirit (around mantle)
 y - a +6 ring of dexterity (right tentacle)
Wands
 u - a wand of acid (4)
Scrolls
 d - 2 scrolls of brand weapon {unknown}
 g - 2 scrolls of enchant armour {unknown}
 k - a scroll of poison {unknown}
 n - a scroll of fear {unknown}
 o - a scroll of immolation {unknown}
 w - 6 scrolls of teleportation
 x - 3 scrolls of vulnerability
Potions
 c - a potion of magic
 e - a potion of cancellation
 h - 2 potions of might
 m - 2 potions of haste
 p - 3 potions of lignification {unknown}
 q - 4 potions of curing {unknown}
 s - 4 potions of flight
 z - a potion of heal wounds
 B - a potion of ambrosia


   Skills:
 - Level 2.0 Dodging
 - Level 2.6 Stealth
 + Level 7.3 Spellcasting
 + Level 7.3 Conjurations
 - Level 5.0 Hexes
 - Level 1.0 Summonings
 - Level 3.0 Translocations
 - Level 2.0 Fire Magic
 + Level 3.5 Ice Magic
 - Level 2.0 Air Magic
 - Level 3.0 Poison Magic


You had 3 spell levels left.
You knew the following spells:

 Your Spells              Type           Power      Damage    Failure   Level
a - Magic Dart            Conj           100%       1d8       1%          1
b - Ensorcelled Hibernat  Hex/Ice        48%        N/A       2%          2
c - Conjure Flame         Conj/Fire      25%        6-21      4%          3
d - Mephitic Cloud        Conj/Pois/Air  23%        N/A       4%          3
e - Blink                 Tloc           38%        N/A       4%          2
f - Hailstorm             Conj/Ice       29%        3d8       10%         4
g - Iskenderun's Mystic   Conj/Tloc      27%        2d7       11%         4

Your spell library contained the following spells:

 Spells                   Type           Power      Damage    Failure   Level
 Freeze                   Ice            84%        1d10      1%          1
 Slow                     Hex            100%       N/A       1%          1
 Frozen Ramparts          Ice            42%        1d7       6%          3
 Summon Guardian Golem    Hex/Summ       19%        N/A       8%          3
 Call Imp                 Summ           11%        N/A       9%          2
 Spider Form              Tmut/Pois      13%        N/A       14%         3
 Fulminant Prism          Conj/Hex       15%        3d11      8%          4
 Anguish                  Hex/Necr       8%         N/A       32%         4
 Ice Form                 Ice/Tmut       14%        N/A       41%         4
 Lee's Rapid Deconstruct  Erth           3%         3d6*      94%         5
 Orb of Destruction       Conj           18%        9d8       98%         7
 Simulacrum               Ice/Necr       7%         N/A       100%        6
 Spellforged Servitor     Conj/Summ      11%        N/A       100%        7


Dungeon Overview and Level Annotations

Branches:
Dungeon (8/15)             Temple (1/1) D:4
   Lair: D:8-11

Altars:
Ashenzari
Cheibriados
Dithmenos
Elyvilon
Fedhas
Gozag
Hepliaklqana
Kikubaaqudgha
Okawaru
Qazlal
Ru
Trog
Uskayaw
Vehumet
Wu Jian
Xom
Yredelemnul

Shops:
D:4 [*==

Annotations:
D:7 1 runed translucent door, IHuginn's ghost, novice OpBe


Innate Abilities, Weirdness & Mutations

You cannot wear most types of armour.
You are amphibious.
You can wear up to eight rings at the same time.
Your skin changes colour to match your surroundings (Stealth+).
Your rubbery body absorbs attacks. (AC +1, EV +1)
((You are camouflaged when in or above water. (Stealth+)))
You have tentacles for arms and can constrict up to eight enemies at once.


Message History

The stinking cloud engulfs the centaur but does no damage. x2
The centaur shouts!
The centaur shoots an arrow.
The arrow misses you.
The centaur wields a +0 shortbow.
The centaur shoots an arrow.
The arrow hits you!
The centaur shoots an arrow.
The arrow hits you.
Unknown command.
Unknown command.
Unknown command.
Casting: Mephitic Cloud (dangerous; 4% risk of failure)
Confirm with . or Enter, or press ? or * to list all spells.
Aiming: Mephitic Cloud (dangerous; 4% risk of failure)
Press: ? - help, Shift-Dir - straight line The ball explodes into a vile cloud!
The stinking cloud engulfs the centaur but does no damage. x2
The centaur shoots an arrow.
The arrow barely misses you.
The centaur is engulfed in noxious fumes.
The centaur appears confused.
The centaur shakes.
Unknown command.
Unknown command.
Casting: Mephitic Cloud (dangerous; 4% risk of failure)
Confirm with . or Enter, or press ? or * to list all spells.
Aiming: Mephitic Cloud (dangerous; 4% risk of failure)
Press: ? - help, Shift-Dir - straight line The ball explodes into a vile cloud!
The stinking cloud engulfs the centaur but does no damage.
The centaur is engulfed in noxious fumes.
The centaur appears confused.
The centaur is engulfed in noxious fumes.
The centaur appears confused.
Unknown command.
The centaur is engulfed in noxious fumes.
The centaur appears confused.
The centaur looks very confused.
A white imp comes into view.
The centaur seems less confused.
The centaur shoots an arrow.
The arrow hits you!
The centaur shoots an arrow.
The arrow hits you.
* * * LOW HITPOINT WARNING * * *
The centaur shoots an arrow.
The arrow hits you!
You die...

#..##$. #5c##.# .
#..##.# .. #..##.#
.. #..##.# .#
#..##.# ..
#..##.#.#.##.
########............
#<.....@...#.#.#....
############.#... .#
#.. .... #.##.####
### #


You could see a centaur and a white imp.

Vanquished Creatures
  Grinder (D:6)
  An acid dragon (D:7)
  A water moccasin (D:6)
  3 black bears
  An ice beast (D:7)
  A sky beast (D:7)
  An ogre (D:5)
  A centaur (D:6)
  2 phantoms
  3 bullfrogs
  A kobold brigand (D:6)
  5 scorpions
  3 necrophages
  4 killer bees (D:6)
  An orc priest (D:5)
  5 hounds
  A gnoll bouda (D:5)
  3 jellies
  An orc wizard (D:5)
  Ijyb (D:3)
  4 iguanas
  Robin (D:3)
  9 gnolls
  6 adders
  3 shadow imps
  A white imp (D:4)
  2 worms
  2 dart slugs
  10 orcs
  5 ball pythons
  6 endoplasms
  4 giant cockroaches
  11 goblins
  9 hobgoblins
  7 jackals (D:3)
  6 quokkas
  A bat (D:3)
  3 frilled lizards (D:1)
  12 kobolds
  7 rats
149 creatures vanquished.

Vanquished Creatures (collateral kills)
  2 killer bees (D:6)
2 creatures vanquished.

Vanquished Creatures (others)
  5 plants (D:3)
  2 withered plants (D:7)
7 creatures vanquished.

Grand Total: 158 creatures vanquished

Notes
Turn   | Place    | Note
-------+----------+-------------------------------------------
     0 | D:1      | mopl the Octopode Hedge Wizard began the quest for the Orb.
     0 | D:1      | Reached XP level 1. HP: 11/11 MP: 4/4
   337 | D:1      | Reached XP level 2. HP: 17/17 MP: 6/6
   343 | D:1      | Learned a level 2 spell: Blink
   500 | D:1      | Reached skill level 2 in Conjurations
   538 | D:1      | Reached XP level 3. HP: 10/21 MP: 8/8
   697 | D:1      | Learned a level 3 spell: Conjure Flame
   783 | D:1      | Found a faded altar of an unknown god.
  1856 | D:2      | Learned a level 3 spell: Mephitic Cloud
  2222 | D:2      | Reached XP level 4. HP: 27/27 MP: 5/9
  2787 | D:3      | Noticed Ijyb
  2805 | D:3      | Noticed a scorpion
  2813 | D:3      | Killed a scorpion
  2814 | D:3      | Reached skill level 4 in Spellcasting
  2814 | D:3      | Reached skill level 3 in Conjurations
  2814 | D:3      | Reached skill level 1 in Air Magic
  2814 | D:3      | Reached skill level 1 in Poison Magic
  2814 | D:3      | Reached XP level 5. HP: 16/31 MP: 6/11
  3386 | D:3      | Killed Ijyb
  3387 | D:3      | Reached skill level 2 in Poison Magic
  3680 | D:3      | Noticed Robin
  3693 | D:3      | Killed Robin
  3702 | D:3      | Reached XP level 6. HP: 15/36 MP: 5/12
  4011 | D:3      | Reached skill level 2 in Air Magic
  4291 | D:3      | Reached skill level 3 in Poison Magic
  4635 | D:4      | Found Ackanatz's Antique Armour Boutique.
  4637 | D:4      | Found Ameamyrr's Jewellery Shoppe.
  4637 | D:4      | Found Veciz's Jewellery Emporium.
  4638 | D:4      | Found Obbimn's General Store.
  4652 | D:4      | Bought a scroll of teleportation for 33 gold pieces
  4652 | D:4      | Bought a scroll of vulnerability for 44 gold pieces
  4652 | D:4      | Bought a potion of heal wounds for 55 gold pieces
  4806 | D:4      | Reached skill level 4 in Conjurations
  5014 | D:4      | Learned a level 2 spell: Ensorcelled Hibernation
  5227 | D:4      | Found a staircase to the Ecumenical Temple.
  5233 | Temple   | Entered the Ecumenical Temple
  5250 | Temple   | Became a worshipper of Vehumet
  5422 | D:5      | Entered Level 5 of the Dungeon
  5428 | D:5      | Reached XP level 7. HP: 36/41 MP: 11/14
  5436 | D:5      | Reached skill level 2 in Translocations
  5480 | D:5      | Reached skill level 1 in Hexes
  5480 | D:5      | Reached skill level 1 in Ice Magic
  5596 | D:5      | Reached skill level 5 in Spellcasting
  6087 | D:5      | Reached skill level 2 in Ice Magic
  6185 | D:5      | Reached skill level 2 in Hexes
  6185 | D:5      | Reached XP level 8. HP: 43/46 MP: 11/15
  6239 | D:5      | Reached skill level 3 in Translocations
  6598 | D:6      | Reached skill level 5 in Conjurations
  6638 | D:6      | Reached skill level 1 in Fire Magic
  6667 | D:6      | Reached * piety under Vehumet
  6667 | D:6      | Offered knowledge of Freeze by Vehumet.
  6668 | D:6      | Reached skill level 3 in Ice Magic
  6759 | D:6      | Reached skill level 3 in Hexes
  6808 | D:6      | Reached skill level 2 in Fire Magic
  7098 | D:6      | Noticed Grinder
  7125 | D:6      | Paralysed by Grinder for 4 turns
  7127 | D:6      | Reached skill level 6 in Spellcasting
  7127 | D:6      | Reached XP level 9. HP: 32/51 MP: 7/18
  7131 | D:6      | Killed Grinder
  7132 | D:6      | Reached skill level 6 in Conjurations
  7132 | D:6      | Reached skill level 4 in Hexes
  7473 | D:6      | Found a blossoming altar of Fedhas.
  7504 | D:6      | Reached skill level 5 in Hexes
  8208 | D:7      | Reached skill level 7 in Spellcasting
  8431 | D:7      | Reached skill level 7 in Conjurations
  8519 | D:7      | Learned a level 4 spell: Hailstorm
  8860 | D:7      | Found a runed translucent door.
  8860 | D:7      | Noticed IHuginn's ghost (novice OpBe)
  8897 | D:7      | Found a hide-covered altar of Uskayaw.
  9135 | D:7      | Learned a level 4 spell: Iskenderun's Mystic Blast
  9484 | D:8      | Shot with an arrow by a centaur

Illustrated notes

Levels and vault maps discovered:
D:1:      psy_arrival_dodecagon, layout_basic,
          dreamdust_ecumenical_altar_angels_and_demons, minmay_misc_feat_plants,
          serial_bayou_pond_a, minmay_indecisive_spiral
D:2:      layout_basic, serial_bayou_pond_c
D:3:      layout_loops_ring, serial_forest, infiniplex_forest_corner_1,
          infiniplex_forest_straight_3, infiniplex_forest_corner_2,
          infiniplex_forest_straight_3, infiniplex_forest_corner_1,
          infiniplex_forest_end_double, infiniplex_forest_corner_1,
          infiniplex_forest_clump_small, uniq_robin, uniq_ijyb
D:4:      layout_loops_ring, temple_green, solitary_fountain,
          nicolae_wooded_promenade, nicolae_eternal_life
D:5:      minmay_skewed_foursquare, layout_cave_pools
D:6:      layout_basic, mainiacjoe_overflow_boulevard, uniq_grinder
D:7:      layout_loops_cross, nicolae_uskayaw_dance_hall, gammafunk_ghost_grave
D:8:      kennysheep_kobold_camp, layout_basic, mainiacjoe_overflow_alcove_1,
          gammafunk_ghost_split, serial_rivers, chequers_serial_rivers_micro_e,
          chequers_serial_rivers_marsh, chequers_serial_rivers_small_3,
          chequers_serial_rivers_micro_a, chequers_serial_rivers_micro_e,
          chequers_serial_rivers_micro_e, uniq_maggie, uniq_maurice
Temple:   hellmonk_temple_two_chambers

Skill      XL: |  1  2  3  4  5  6  7  8  9 |
---------------+----------------------------+-----
Conjurations   | 2 3 4 5 7 |  7.3
Spellcasting   | 4 5 6 7 |  7.3
Air Magic      | 1 2 |  2.0
Poison Magic   | 1 2 3 |  3.0
Translocations | 2 3 |  3.0
Hexes          | 2 3 5 |  5.0
Ice Magic      | 2 3 |  3.5
Fire Magic     | 2 |  2.0
Dodging        | |  2.0
Stealth        | |  2.6
Summonings     | |  1.0

Action                   |  1- 3 |  4- 6 |  7- 9 || total
-------------------------+-------+-------+-------++-------
Melee: Dagger            |    21 |       |     5 ||    26
       Constrict         |    16 |    25 |    31 ||    72
       Short sword       |    43 |    93 |   105 ||   241
       Tentacles         |    11 |    24 |    36 ||    71
       Punch             |       |     1 |     2 ||     3
Throw: Dart              |     1 |     4 |     3 ||     8
 Cast: Magic Dart        |     9 |    29 |   116 ||   154
       Blink             |     1 |       |     2 ||     3
       Mephitic Cloud    |       |     1 |    15 ||    16
       Conjure Flame     |       |       |     4 ||     4
       Ensorcelled Hiber |       |       |     4 ||     4
       Hailstorm         |       |       |     1 ||     1
Evoke: Wand              |       |     3 |     2 ||     5
  Use: Scroll            |       |       |     6 ||     6
 Stab: Sleeping          |     9 |     7 |     5 ||    21
       Distracted        |       |     1 |       ||     1
       Confused          |       |       |     6 ||     6
Armor: Skin              |     3 |     8 |     4 ||    15
Dodge: Dodged            |    36 |    74 |    70 ||   180
